 Dungeon Crawl Stone Soup version 0.23-a0-419-g0174fd80c1 (webtiles) character file.

46 Napalmbreeze the Firebug (level 3, -5/19 HPs)
             Began as a Deep Elf Fire Elementalist on Nov 12, 2018.
             Slain by an orc
             ... wielding a cursed +0 flail
              (10 damage)
             ... on level 2 of the Dungeon.
             The game lasted 00:04:30 (1485 turns).

Napalmbreeze the Firebug (DEFE)                     Turns: 1485, Time: 00:04:31

Health: -5/19      AC:  3    Str:  5    XL:     3   Next: 46%
Magic:  6/10       EV: 13    Int: 20    God:
Gold:   75         SH:  0    Dex: 15    Spells: 3/9 levels left

rFire    . . .     SeeInvis .   e - +0 dagger (venom)
rCold    . . .     Gourm    .   (no shield)
rNeg     . . .     Faith    .   a - +0 robe
rPois    .         Spirit   .   (no helmet)
rElec    .         Reflect  .   (no cloak)
rCorr    .         Harm     +   d - +0 pair of gloves
MR       .....                  (no boots)
Stlth    ++........             h - amulet of harm
HPRegen  0.06/turn              j - ring of flight
MPRegen  0.12/turn              (no ring)

@: very slightly contaminated
A: no striking features
a: Evoke Flight


You were on level 2 of the Dungeon.
You were not hungry.

You visited 1 branch of the dungeon, and saw 2 of its levels.

You collected 75 gold pieces.

Inventory:

Hand Weapons
 e - a +0 dagger of venom (weapon)
Armour
 a - a +0 robe (worn)
 d - a +0 pair of gloves (worn)
 i - a +2 buckler
Jewellery
 h - an amulet of harm (around neck)
 j - a ring of flight (left hand)
Scrolls
 b - 2 scrolls of magic mapping {unknown}
 f - 3 scrolls of teleportation {unknown}
 g - a scroll of remove curse {unknown}
 k - a scroll of enchant armour {unknown}
 l - a scroll of amnesia {unknown}
Potions
 m - a potion of might {unknown}
 n - 2 potions of haste {unknown}
 o - a potion of degeneration {unknown}
 p - 2 potions of ambrosia {unknown}
Comestibles
 c - 4 rations
 q - a chunk of flesh


   Skills:
 - Level 2.4 Dodging
 - Level 2.4 Stealth
 + Level 3.7 Spellcasting
 * Level 2.7 Conjurations
 + Level 3.7 Fire Magic


You had 3 spell levels left.
You knew the following spells:

 Your Spells              Type           Power        Failure   Level  Hunger
a - Flame Tongue          Conj/Fire      ###..        3%          1    None
d - Conjure Flame         Conj/Fire      ###.....     11%         3    ###....
s - Throw Flame           Conj/Fire      ###...       5%          2    ##.....

Your spell library contained the following spells:

 Spells                   Type           Power        Failure   Level  Hunger
 Inner Flame              Hex/Fire       ##......     19%         3    ###....
 Sticky Flame             Conj/Fire      ###.....     34%         4    ####...
 Fireball                 Conj/Fire      ###.......   67%         5    ######.


Dungeon Overview and Level Annotations

Branches:
Dungeon (2/15)

Altars:


Message History

You hit the frilled lizard but do no damage.
The frilled lizard is poisoned.
The frilled lizard is severely wounded.
The frilled lizard barely misses you.
You miss the frilled lizard.
The frilled lizard is moderately wounded.
You kill the frilled lizard!
You hit the orc.
The orc is poisoned.
The orc is moderately wounded.
The orc misses you.
You hit the orc.
The orc is heavily wounded.
The orc hits you with a cursed +0 flail!
Ouch! That really hurt!
* * * LOW HITPOINT WARNING * * *
You barely miss the orc.
The orc is heavily wounded.
The orc hits you with a cursed +0 flail!
Ouch! That really hurt!
You die...

#.......# #.......# #.......#
########## #.......# #........#
#.......# #........# #.......#
#........# ####'#.############
#........# #o#.# #........#
##........######@#.###........#
.'........+>...#.#(..÷........+
##....[...####.#.#####).......#
###.........#.#.# #÷.......#
#.#######.#.#.# #........#
#.#...# #.#.#.# #........#
#.#.#.###.#.#.# #........#
#.#.......#.#.# #........#
#.#.#######.#.# #........#


You could see an orc.

Vanquished Creatures
  An adder (D:2)
  An ooze (D:2)
  A dart slug (D:1)
  2 leopard geckos (D:2)
  7 hobgoblins (D:1)
  5 kobolds
  2 bats (D:1)
  4 frilled lizards
  3 goblins (D:1)
  3 rats (D:1)
29 creatures vanquished.

Notes
Turn   | Place    | Note
-------+----------+-------------------------------------------
     0 | D:1      | Napalmbreeze the Deep Elf Fire Elementalist began the quest
                  | for the Orb.
     0 | D:1      | Reached XP level 1. HP: 10/10 MP: 6/6
   168 | D:1      | You fall through a shaft!
   198 | D:1      | Reached XP level 2. HP: 14/15 MP: 4/8
   277 | D:1      | Learned a level 2 spell: Throw Flame
  1213 | D:2      | Reached XP level 3. HP: 19/19 MP: 7/10
  1218 | D:2      | Learned a level 3 spell: Conjure Flame
  1485 | D:2      | Slain by an orc

Vault maps used:
D:1:      lightli_arrival_maybe_door_vault

Skill      XL: |  1  2 |
---------------+-------+-----
Conjurations   | 2 |  2.7
Dodging        | |  2.4
Stealth        | |  2.4
Spellcasting   | |  3.7
Fire Magic     | |  3.7

Action                   || total
-------------------------++-------
Melee: Dagger            ||    18
 Cast: Flame Tongue      ||    35
       Throw Flame       ||    11
  Eat: Chunk             ||     2
Armor: Robe              ||     3
Dodge: Dodged            ||    24

Table legend:
 A = Non-vault XP
 B = Vault XP
 C = Vault XP percentage of total XP
 D = Non-vault monster count
 E = Vault monster count
 F = Vault count percentage of total count
                 A         B        C        D         E       F
            +---------+---------+-------+---------+---------+-------
      Total |      67 |       0 |   0.0 |      29 |       0 |   0.0
            +---------+---------+-------+---------+---------+-------
        D:1 |      39 |       0 |   0.0 |      23 |       0 |   0.0
        D:2 |      28 |       0 |   0.0 |       6 |       0 |   0.0
            +---------+---------+-------+---------+---------+-------
